 Dungeon Crawl Stone Soup version 0.20.0-15-g7f486f2 (webtiles) character file.

133 Omegatherion the Shield-Bearer (level 5, -1/33 HPs)
             Began as a Gargoyle Fighter on June 22, 2017.
             Slain by an orc priest
             ... wielding a +0 club
              (4 damage)
             ... on level 3 of the Dungeon.
             The game lasted 00:04:26 (1636 turns).

Omegatherion the Shield-Bearer (Gargoyle Fighter)   Turns: 1636, Time: 00:04:27

Health: -1/33      AC: 12    Str: 20    XL:     5   Next: 16%
Magic:  6/6        EV:  7    Int:  9    God:
Gold:   145        SH:  9    Dex:  9    Spells: 6/6 levels left

rFire    . . .     SeeInvis .   a - +0 flail
rCold    . . .     Gourm    .   c - +0 shield
rNeg     + + .     Faith    .   b - +0 scale mail
rPois    ∞         Spirit   .   (no helmet)
rElec    +         Reflect  .   (no cloak)
rCorr    .         Harm     .   (no gloves)
MR       .....                  r - +0 pair of boots
Stlth    ..........             (no amulet)
Regen    0.2/turn               j - ring of positive energy
MPRegen  0.1/turn               (no ring)

@: no status effects
A: negative energy resistance 1, electricity resistance, unbreathing,
petrification resistance, rot immunity, AC +4
a: no special abilities


You were on level 3 of the Dungeon.
You were not hungry.

You visited 1 branch of the dungeon, and saw 3 of its levels.

You collected 145 gold pieces.

Inventory:

Hand Weapons
 a - a +0 flail (weapon)
 q - a +0 hunting sling
Missiles
 p - 70 stones (quivered)
Armour
 b - a +0 scale mail (worn)
 c - a +0 shield (worn)
 r - a +0 pair of boots (worn)
Jewellery
 j - a ring of positive energy (left hand)
Scrolls
 e - a scroll of random uselessness {unknown}
 g - a scroll of amnesia {unknown}
 i - 2 scrolls of identify {unknown}
 n - 2 scrolls of noise {unknown}
 t - a scroll of recharging {unknown}
 u - 2 scrolls of remove curse {unknown}
 v - a scroll of fear {unknown}
Potions
 d - 2 potions of might
 h - a potion of cancellation
 k - a potion of agility {unknown}
 l - 2 potions of curing {unknown}
 m - a potion of mutation {unknown}
 s - 2 potions of haste {unknown}
Comestibles
 f - 2 bread rations
 o - a meat ration
 w - a chunk of flesh


   Skills:
 + Level 3.7 Fighting
 * Level 3.5 Maces & Flails
 + Level 3.9 Armour
 + Level 4.0 Shields
 + Level 1.2 Spellcasting


You had 6 spell levels left.
You didn't know any spells.

Dungeon Overview and Level Annotations

Branches:
Dungeon (3/15)

Altars:


Innate Abilities, Weirdness & Mutations

You are resistant to torment.
Your stone body is resilient. (AC +4)
You are immune to poison.
You resist negative energy. (rN+)
You are resistant to electric shocks. (rElec)
You can survive without breathing.
You are immune to petrification.
You are immune to rotting.


Message History

You are too injured to fight recklessly!
You are too injured to fight recklessly!
You closely miss the orc priest.
The orc priest hits you but does no damage. x2
You hit the orc priest.
The orc priest is lightly wounded.
The orc priest hits you but does no damage.
You closely miss the orc priest.
The orc priest is lightly wounded.
The orc priest barely misses you.
Your shield and scale mail prevent you from hitting the orc priest.
The orc priest hits you but does no damage.
You hit the orc priest.
The orc priest is lightly wounded.
The orc priest hits you with a club.
* * * LOW HITPOINT WARNING * * *
You closely miss the orc priest.
The orc priest is lightly wounded.
You block the orc priest's attack. The orc priest hits you with a club.
You die...

########.# ######.# #......#
#.######
#.##########################
#..........................#
###########################.##
....... ....##############.#
....... ......o@........##.#
####### ###)###########.##.#
.....# #.........#.##.#
####>### ###.#####.#.##.#
........ #.# #.#.##.# #####.##
#.# #.#.##.# # #.# #.#.##.# #
#.# #.#.##.# # #.# #.#.##.#


You could see an orc priest.

Vanquished Creatures
  Terence (D:2)
  2 adders (D:2)
  2 worms (D:2)
  A dart slug (D:2)
  2 leopard geckos
  9 orcs (D:3)
  5 giant cockroaches
  9 hobgoblins
  A jackal (D:1)
  A quokka (D:2)
  7 bats
  5 frilled lizards
  14 goblins
  4 kobolds
  6 rats
69 creatures vanquished.

Notes
Turn   | Place    | Note
-------+----------+-------------------------------------------
     0 | D:1      | Omegatherion the Gargoyle Fighter began the quest for the Orb.
     0 | D:1      | Reached XP level 1. HP: 14/14 MP: 1/1
    66 | D:1      | Reached XP level 2. HP: 17/19 MP: 2/2
   455 | D:1      | Reached XP level 3. HP: 22/23 MP: 3/3
   726 | D:2      | Noticed Terence
   737 | D:2      | Killed Terence
   737 | D:2      | Reached skill level 1 in Spellcasting
   737 | D:2      | Reached XP level 4. HP: 8/28 MP: 5/5
  1435 | D:3      | Reached XP level 5. HP: 32/32 MP: 6/6
  1452 | D:3      | Reached skill level 4 in Shields
  1636 | D:3      | Slain by an orc priest

Skill      XL: |  1  2  3  4  5 |
---------------+----------------+-----
Maces & Flails | 3 |  3.5
Spellcasting   | 1 |  1.2
Shields        | 4 |  4.0
Fighting       | |  3.7
Armour         | |  3.9

Action                   |  1- 3 |  4- 6 || total
-------------------------+-------+-------++-------
Melee: Flail             |   187 |   143 ||   330
  Use: Potion            |     1 |       ||     1
  Eat: Chunk             |       |     3 ||     3
Armor: Scale mail        |   174 |    67 ||   241
Dodge: Dodged            |    89 |    37 ||   126
Block: Shield            |   151 |    75 ||   226
